[Event "CCT Airthings Masters Play-In 2023"]
[Site "Online"]
[Date "2023.02.03"]
[Round "4"]
[White "GHANDEEVAM"]
[Black "platy3"]
[Result "1-0"]
[ECO "D00"]
[WhiteElo "2717"]
[BlackElo "2583"]
[Annotator "TA"]
[PlyCount "71"]
[EventDate "2023.02.03"]
[EventType "swiss"]
[EventCountry "NET"]
[SourceTitle "playchess.com"]
[Source "ChessBase"]
[SourceQuality "1"]
[TimeControl "600+2"]

1. d4 d5 2. Nc3 Nf6 3. Bf4 e6 4. Nb5 Na6 5. e3 Be7 6. Nf3 {[%emt 0:00:01] D00: 1 d4 d5: Unusual lines.} O-O 7. h4 c6 8. Nc3 {[%emt 0:00:02] The position is equal.} Qa5 {[%emt 0:00:01] [#]} 9. Be2 $146 ({Predecessor:} 9. Bd3 c5 10. O-O Nb4 11. Be2 c4 12. Ne5 Nd7 13. h5 Nxe5 14. Bxe5 Nc6 15. Bf4 {1-0 Zhalmakhanov,R (2414)-Xu,Z (2515) Online Olym Div Top-A rapid 2021 (4.1)}) 9... Ne4 10. O-O Nxc3 11. bxc3 Qxc3 12. Rb1 Nb4 13. a3 Na6 (13... Nxc2 14. Rc1 $16) (13... Qxa3 $15 14. Qd2 Qa5) 14. Bxa6 $14 bxa6 15. Ne5 Bd6 (15... Bxa3 $2 16. Rb3 Qa5 17. Qa1 $18 (17. Nxc6 Qa4 $11)) 16. Qg4 (16. Rb3 $5 Qa5 $8 17. Nxc6 $11) 16... Bxe5 (16... Qxa3 $2 17. Bh6 g6 18. Qf4 $18 (18. Nxc6 Qa4 $11) (18. Bxf8 Bxf8 19. c4 Qe7 $16)) 17. Bxe5 f6 $1 {[%emt 0:00:02] Black is weak on the dark squares} 18. Bd6 {[%emt 0:00:02][%mdl 1024] White has compensation.} Rf7 $1 19. Qe2 e5 20. Rb3 Qc4 21. Qd2 {[%emt 0:00:01] And now Rfb1 would win.} Bf5 (21... exd4 $1 $14 22. Rfb1 Rd7) 22. Rfb1 $1 $16 h6 (22... Qxc2 $2 23. Qxc2 Bxc2 24. Rb8+ $18) 23. Rc3 $1 Qa4 (23... Qa2 $2 24. Qc1 $18) 24. Rb4 $1 (24. dxe5 $6 Qxh4 25. Rb4 (25. Rxc6 fxe5 26. Rf1 Re8 $11) 25... Qh5 $14) 24... Qa5 25. dxe5 fxe5 26. Rxc6 {[%emt 0:00:11] aiming for Rb8+.} Re8 {[%emt 0:00:05] [#] Repels Rb8} 27. Bxe5 $1 {[%emt 0:00:14][%mdl 576] Deflection} Qxa3 (27... Bd7 $2 28. Rc7 $18) 28. Bb2 {[%emt 0:00:06] White is more active.} Qa5 (28... Qa2 $16 {was worth a try.}) 29. Qc3 ({Better is} 29. Rxh6 $18 {Black must now prevent Rh5.} Be4 30. Rh5) 29... Kh7 30. Rc5 Qd8 {[%emt 0:00:02] [#]} 31. Rf4 $1 $36 {[%emt 0:00:02][%cal Of4f5][%mdl 2048] Dodges Be4. Rxf5! is the strong threat. White is in control.} Qd7 32. Qa5 Be4 {[%emt 0:00:18][%mdl 8192] [#] Loses the game.} (32... Qb7 $16 {is a better chance.}) 33. f3 $1 $18 (33. Qxa6 $2 Rxf4 34. exf4 Qg4 $19) 33... Bxf3 (33... Bg6 $142 34. h5 {[%mdl 64] Decoy} (34. Qxa6 Rxf4 35. exf4 Re1+ 36. Kf2 Qe7 $11) (34. Rxd5 Qb7 $16) 34... Bxh5 35. Rxd5 (35. Qxa6 Rxf4 36. exf4 Qe7 $15) 35... Qb7) 34. Rxf3 {[%emt 0:00:00] White is clearly winning.} Rxf3 35. gxf3 {[%emt 0:00:00] Rc7 would be deadly.} Qh3 (35... Rc8 $142 36. Rxd5 Qe7) 36. Qc7 {[%emt 0:00:01] Weighted Error Value: White=0.10 (very precise) /Black=0.42} (36. Rxd5 $2 {loses.} Rxe3 37. Qc7 Re1+ 38. Kf2 Rf1+ 39. Ke3 Qxf3+ 40. Kd4 Rd1+ 41. Kc4 Qxd5+ $19) (36. Qxa6 Qg3+ 37. Kh1 Qxf3+ 38. Kh2 Qf2+ 39. Kh1 Rxe3) 1-0

[Event "CCT Airthings Masters Play-In 2023"]
[Site "Online"]
[Date "2023.02.03"]
[Round "4"]
[White "mishanick"]
[Black "chessintuit"]
[Result "1-0"]
[ECO "D48"]
[WhiteElo "2699"]
[BlackElo "2562"]
[Annotator "TA"]
[PlyCount "117"]
[EventDate "2023.02.03"]
[EventType "swiss"]
[EventCountry "NET"]
[SourceTitle "playchess.com"]
[Source "ChessBase"]
[SourceQuality "1"]
[TimeControl "600+2"]

1. d4 d5 2. c4 c6 3. Nf3 Nf6 4. Nc3 e6 5. e3 Nbd7 6. Bd3 dxc4 7. Bxc4 b5 8. Bd3 a6 9. e4 c5 10. d5 Qc7 11. O-O Bb7 12. dxe6 fxe6 13. Qe2 {[%emt 0:00:02] D48: Semi-Slav: Meran System: 7...b5 8 Bd3 a6.} Be7 (13... c4 $11 14. Bc2 Bd6) 14. Ng5 ({White should try} 14. e5 $16 Nd5 15. Ng5 Bxg5 16. Nxd5 (16. Bxg5 Nxc3 17. bxc3 O-O $14) 16... Bxd5 17. Qh5+ (17. Bxg5 Qxe5 18. Be3 c4 $15) 17... Kd8 18. Qxg5+ (18. Bxg5+ Kc8 $16) 18... Kc8 19. Re1 (19. Qxg7 Qxe5 20. Qxe5 Nxe5 $11)) 14... Qc6 $11 15. f4 {[%emt 0:00:06] [#] aiming for e5. The position is equal.} h6 $146 (15... c4 $11 {and Black stays safe.} 16. Bc2 e5) ({Predecessor:} 15... c4 16. Bc2 b4 17. e5 bxc3 18. exf6 Bxf6 19. bxc3 Nc5 20. Ba3 Nd3 21. Nxe6 Kd7 {1-0 Rivera,A (2389)-Portnoy,I (2083) Bogota Mila Memorial op 2009 (3)}) 16. e5 $1 $18 hxg5 17. exf6 Bxf6 18. Be4 $1 Qb6 (18... Bd4+ $2 19. Be3 (19. Kh1 Qc8 $16) 19... Qd6 20. Bxb7 $18) 19. Bxb7 {[%emt 0:00:03][%mdl 64] Overworked Piece} (19. fxg5 $6 Bd4+ 20. Be3 O-O-O $11) 19... Qxb7 (19... Bd4+ $2 20. Be3 Ra7 21. Be4 $18) 20. Qxe6+ Kd8 21. fxg5 Bd4+ 22. Kh1 $1 {[%emt 0:00:02] Hoping for Bf4.} (22. Be3 $2 Re8 23. Qd6 Bxe3+ $19) 22... Re8 23. Qg4 {[%emt 0:00:05] Black must now prevent Bf4.} b4 24. Nd1 (24. Ne2 $16 Qe4 25. Qxe4 Rxe4 26. Nxd4 cxd4 27. g6) 24... Ne5 {[%emt 0:00:25][%mdl 1024] Black has compensation.} 25. Qg3 Qb5 26. Ne3 (26. Re1 $5) 26... Kc7 27. Bd2 (27. Rf7+ Kc6 28. Rf2 (28. Rxg7 $2 Qe2 $19) 28... Rad8 $17) 27... Rf8 $40 {[%emt 0:00:05][%mdl 128] Black is up to no good.} (27... Bxb2 $2 28. Rab1 Rf8 29. Rfd1 $18 (29. Rxf8 Rxf8 30. Qe1 Kb7 $11)) ({Don't take} 27... Kb7 28. Nf5 Rad8 29. Nxg7 Bxb2 30. Nxe8 Rxd2 31. Rab1 Qxe8 32. Qe3 $16) 28. Nd5+ (28. Rae1 $11 {keeps the balance.}) 28... Kb7 $17 29. Nf4 Bxb2 30. Rae1 Bd4 (30... Rad8 $17 31. Be3 Bc3) 31. h3 ({White should play} 31. Rb1 $1 $15) 31... Rae8 32. Bc1 (32. Rd1 $17 {was worth a try.}) 32... a5 33. Rd1 (33. Be3 $17 {keeps fighting.}) 33... a4 ({Better is} 33... Nc4 $19 34. Ne2 Be5) 34. Rfe1 (34. Be3 $17) 34... Bc3 $2 (34... Qc4 $19 {has better winning chances.} 35. Bd2 Ka6) 35. Re4 (35. Bd2 $17 Bxd2 36. Rxd2) 35... Rd8 $1 $19 36. Rg1 {[%emt 0:00:05] [#]} Rfe8 {[%emt 0:00:04] Against Ne6} 37. Nh5 (37. Re2 $142) 37... Bd4 (37... Nd3 $142 38. Rxe8 Qxe8 39. Qf3+ Qc6 40. Qf7+ Qc7) 38. Be3 {[%emt 0:00:16][%cal Oe3d4] And now Bxd4! would win.} Nd3 39. Rxe8 (39. Qf3 {is a better defense.} Rxe4 40. Qxe4+ Kb6 41. Bxd4 Rxd4 42. Qa8 (42. Qe6+ $2 Qc6 $19)) 39... Qxe8 40. Bxd4 Rxd4 41. Nxg7 {[%emt 0:00:05] [#]} Qf7 42. g6 $2 {[%emt 0:00:14] White is weak on the dark squares} (42. Qf3+ Qxf3 43. gxf3) 42... Qxg7 43. Rf1 Rd7 {[%emt 0:00:05] Wards off Rf7} 44. h4 b3 45. Qg4 Qd4 46. Qf3+ Ka7 47. axb3 Qxh4+ 48. Kg1 Qd4+ 49. Kh1 axb3 {[%emt 0:00:05][%cal Ba4b3,Bb3b2][%mdl 32] Strongly threatening ...b2.} 50. Qc6 Qh4+ 51. Kg1 {[%emt 0:00:01] Ra1+ is the strong threat. Dancing on a razor blade.} Qd4+ 52. Kh1 b2 53. Qb5 Qh4+ (53... Nf2+ $142 54. Kh2 Rb7 55. Qa5+ Kb8 56. Qa2 Qh8+ 57. Kg3 Rb4 58. Qd5 Ne4+ 59. Kg4 Nc3+ 60. Qc4 Rxc4+ 61. Kg5 Qe5+ 62. Rf5 Ne4+ 63. Kh5 Qh2+ 64. Kg4 Qxg2+ 65. Kh4 Nf6+ 66. Rf4 Rxf4#) 54. Kg1 Qd4+ 55. Kh1 Nf2+ {[%emt 0:00:19] Black mates.} 56. Kh2 Ng4+ 57. Kg3 Qe3+ 58. Rf3 Qe5+ 59. Kh4 {[%emt 0:00:01][%mdl 32768] An interesting game.   Weighted Error Value: White=0.86/Black=0.28 (precise) . Sensor Board Error (Ke4/e5)?} 1-0

[Event "CCT Airthings Masters Play-In 2023"]
[Site "Online"]
[Date "2023.02.03"]
[Round "4"]
[White "xxysoul6"]
[Black "Nepomniachtchi, Ian"]
[Result "1/2-1/2"]
[ECO "C12"]
[WhiteElo "2669"]
[BlackElo "2793"]
[Annotator "TA"]
[PlyCount "62"]
[EventDate "2023.02.03"]
[EventType "swiss"]
[EventCountry "NET"]
[SourceTitle "playchess.com"]
[Source "ChessBase"]
[SourceQuality "1"]
[TimeControl "600+2"]

1. d4 Nf6 2. Bg5 e6 3. e4 h6 4. Bxf6 Qxf6 5. Nc3 d5 6. exd5 Bb4 {[%emt 0:00:03] C12: French: Classical System: McCutcheon Variation.} 7. dxe6 Bxe6 8. Nf3 Nc6 {[%emt 0:00:09] White has an edge.} 9. a3 Ba5 {[%emt 0:00:38] [#] White must now prevent ...0-0-0.} 10. Qd3 $146 (10. Bb5 $1 $14) ({Predecessor:} 10. Bb5 O-O-O 11. Bxc6 bxc6 12. O-O Bg4 13. Ne4 Bxf3 14. Qxf3 Qxf3 15. gxf3 Rxd4 16. Rfd1 {1-0 Karjakin,S (2757)-Van Foreest,J (2701) Carlsen Inv Prelim rapid 2021 (6)}) 10... O-O-O $11 11. O-O-O Rhe8 12. h3 {[%emt 0:01:29] Prevents Bg4} (12. Ne4 $5 Qf4+ 13. Qe3 $11) 12... Bb6 13. d5 {[%emt 0:00:16] Strongly threatening Qb5.} Ne5 (13... Ba5 $5) 14. Nxe5 Qxe5 15. Qg3 (15. Qf3 $5 Bd7 16. Kb1 $14 (16. Qxf7 Rf8 $11)) 15... Qxg3 16. fxg3 Bd7 17. Bd3 f5 18. Rde1 h5 19. Rhf1 g6 20. Rxe8 Rxe8 {[%emt 0:00:03][%cal Bd8e8,Be8e5,Be5g5][%mdl 32] [#]} 21. g4 $1 hxg4 22. hxg4 Re5 23. gxf5 Bxf5 {[%emt 0:00:16] The position is equal.} 24. Bxf5+ gxf5 $14 {[%emt 0:00:02][%mdl 4096] Endgame KRB-KRN} 25. Rh1 f4 26. Kb1 Rg5 27. Ne2 Be3 28. Rf1 Rxg2 29. Nxf4 Rg5 {[%emt 0:00:01] And now ...Rf5 would win.} 30. Rf3 Bxf4 31. Rxf4 Rxd5 {[%emt 0:00:00] Weighted Error Value: White=0.14 (very precise) /Black=0.09 (flawless)} 1/2-1/2

[Event "CCT Airthings Masters Play-In 2023"]
[Site "Online"]
[Date "2023.02.03"]
[Round "4"]
[White "Bigfish"]
[Black "alexrustemov"]
[Result "0-1"]
[ECO "E08"]
[WhiteElo "2664"]
[BlackElo "2536"]
[Annotator "TA"]
[PlyCount "180"]
[EventDate "2023.02.03"]
[EventType "swiss"]
[EventCountry "NET"]
[SourceTitle "playchess.com"]
[Source "ChessBase"]
[SourceQuality "1"]
[TimeControl "600+2"]

1. d4 d5 2. c4 e6 3. Nf3 Nf6 4. g3 Bb4+ 5. Bd2 Be7 6. Bg2 O-O 7. O-O Nbd7 8. Qc2 c6 9. Bf4 b6 10. Rd1 Bb7 11. Ne5 {[%emt 0:00:59] 11.Ne5 is better than 11.Nc3.} Nh5 {[%emt 0:00:26] E08: Closed Catalan: Main Line: 7 Qc2.} 12. Bd2 Nhf6 13. cxd5 cxd5 {[%emt 0:00:09] The position is equal.} 14. Nc6 Bxc6 15. Qxc6 Qc8 16. Qa4 Qb7 {[%emt 0:00:06] [#]} 17. Bb4 $146 ({Predecessor:} 17. Nc3 Rac8 18. e3 a6 19. Rdc1 Rc7 20. Ne2 Rfc8 21. Rxc7 Rxc7 {½-½ Donchenko,A (2563)-Neiksans,A (2599) FRA-chT Top 12 2017 (10.1)}) 17... b5 18. Qa3 Bxb4 19. Qxb4 a5 20. Qb3 b4 21. a4 {[%emt 0:00:54] Inhibits Qb5.} Rfc8 22. Nd2 Qc6 23. e3 Nb6 24. Bf1 Nc4 25. Nf3 Nd6 26. Bd3 Rc7 27. Kg2 (27. Ne5 $5 Qb7 28. Rac1 $15) 27... Rac8 28. Rd2 Nfe4 29. Re2 f6 30. Rae1 Qb7 (30... g5 $15) 31. h4 h5 32. Nh2 Nc4 33. Nf1 f5 34. Rd1 g6 {[%emt 0:00:04] Black has more active pieces. The white rooks are badly placed.} ({Black should try} 34... g5 $1 $17 {[%cal Rg5h4] Strongly threatening ...gxh4.} 35. f3 Ncd6 36. hxg5 (36. fxe4 fxe4 37. hxg5 exd3 $17) 36... Nxg5) 35. Nh2 $11 Kg7 36. Nf3 Rc6 37. Rde1 Qc7 38. Qd1 Nb6 ({Black should play} 38... Qb7 $11) 39. Ne5 (39. Ba6 $5 ) 39... Rc1 40. Qxc1 Qxc1 41. Rxc1 Rxc1 42. b3 Rc3 43. Rc2 Rxb3 {[%emt 0:00:15] ...Nc3 would be deadly.} 44. Rc6 {[%emt 0:00:09] Prevents Nc3} Nc4 {[%emt 0:00:14] White must now prevent ...Nxe5.} 45. Rc7+ $1 Kg8 46. Nxc4 (46. Rc8+ $11 Kg7 47. Rc7+ Kf8 48. Bxe4 fxe4 49. Nxg6+ Ke8 50. g4) 46... Rxd3 47. Nxa5 {[%emt 0:00:03][%mdl 4096] Endgame KRN-KRN} Rd2 $1 48. Rb7 ({Not} 48. Rc8+ $2 Kg7 49. Rb8 (49. Rc7+ $2 Kf6 $19) 49... Rxf2+ 50. Kg1 Re2 $19) 48... Rxf2+ 49. Kg1 Rf3 50. Nc6 Rxg3+ 51. Kf1 (51. Kh2 $1 $15) 51... Rxe3 $17 52. a5 $2 {[%emt 0:00:02] Now White is beyond hope.} (52. Ne7+ $17 {was the only chance.} Kf8 53. Nxg6+ Ke8 54. a5) 52... Ra3 $19 53. Rxb4 $2 (53. Ne7+ Kg7 54. Nxd5+ Kh6 55. Ne7) 53... f4 54. Rb8+ Kg7 55. Rb7+ Kf6 56. Ne5 {[%emt 0:00:02] [#]} Ng3+ $1 (56... Rxa5 $2 57. Rf7#) 57. Kg2 Kf5 (57... Rxa5 $2 58. Rf7#) 58. Nf3 Rxa5 {[%emt 0:00:16] Hoping for ...Ra2+.} 59. Kh3 Ke4 60. Ng5+ Kxd4 61. Nxe6+ Ke5 62. Ng5 Ra3 63. Re7+ Kd6 {[%emt 0:00:09] ( -> ...Ne4+)} 64. Re6+ Kc5 65. Rxg6 Nf5+ 66. Kh2 Nxh4 67. Rf6 Nf3+ 68. Nxf3 Rxf3 {[%emt 0:00:01] KR-KR} 69. Rf5 h4 70. Kg2 Rg3+ 71. Kf2 h3 72. Rxf4 Rg2+ (72... Ra3 $142 73. Kg1 d4 74. Rf8 d3 75. Kf2 h2 76. Rc8+ Kb4 77. Rh8 Kc3 78. Rh5 d2 79. Rxh2 d1=Q 80. Rh3+ Kb2 81. Rxa3 Kxa3 82. Kg3 Qh5 83. Kg2 Kb2 84. Kg1 Kc3 85. Kg2 Qg4+ 86. Kh1 Kd2 87. Kh2 Ke3 88. Kh1 Kf2 89. Kh2 Qh5#) 73. Kf1 Ra2 {[%emt 0:00:03] Black mates.} 74. Kg1 d4 75. Rf3 Kc4 76. Rxh3 Re2 77. Kf1 d3 78. Rh8 Re4 79. Rc8+ Kd4 80. Kf2 d2 81. Rd8+ Kc3 82. Rc8+ Kd3 83. Rd8+ Kc2 84. Rc8+ {[%emt 0:00:01] [#]} Kd1 $1 85. Rd8 Re7 86. Rd5 Rf7+ 87. Kg2 Ke2 88. Re5+ Kd3 89. Rd5+ Ke3 90. Rd8 Rf4 {[%emt 0:00:04] Weighted Error Value: White=0.34/Black=0.09 (flawless)} 0-1

[Event "CCT Airthings Masters Play-In 2023"]
[Site "Online"]
[Date "2023.02.03"]
[Round "4"]
[White "Duhless"]
[Black "Njal28"]
[Result "1-0"]
[ECO "E04"]
[WhiteElo "2662"]
[BlackElo "2575"]
[Annotator "NA"]
[PlyCount "75"]
[EventDate "2023.02.03"]
[EventType "swiss"]
[EventCountry "NET"]
[SourceTitle "playchess.com"]
[Source "ChessBase"]
[SourceQuality "1"]
[TimeControl "600+2"]

1. d4 Nf6 2. Nf3 d5 3. c4 e6 4. g3 dxc4 5. Bg2 Bb4+ 6. Bd2 a5 7. O-O O-O 8. Bg5 h6 9. Bxf6 Qxf6 10. a3 Be7 11. Nbd2 Rd8 12. Nxc4 Bd7 13. Nfe5 Ra7 14. Rc1 Bf8 15. e3 Be8 16. Qc2 c5 17. dxc5 Bxc5 18. Rfd1 Rxd1+ 19. Rxd1 b5 20. Nxa5 Qxe5 21. Rd8 Rxa5 22. Rxe8+ Bf8 23. Qc8 Qd6 24. Rd8 Qe7 25. Qxb8 b4 26. Re8 Qc5 27. Rc8 Qe7 28. axb4 Ra1+ 29. Bf1 Rd1 30. Kg2 g6 31. Re8 Qd6 32. Qxd6 Rxd6 33. b5 Rd2 34. b3 Kg7 35. b6 Rd7 36. Ba6 Bc5 37. b7 Ba7 38. Ra8 1-0

[Event "CCT Airthings Masters Play-In 2023"]
[Site "Online"]
[Date "2023.02.03"]
[Round "4"]
[White "Grandelius, Nils"]
[Black "Matibar"]
[Result "1/2-1/2"]
[ECO "A07"]
[WhiteElo "2660"]
[BlackElo "2492"]
[Annotator "TA"]
[PlyCount "69"]
[EventDate "2023.02.03"]
[EventType "swiss"]
[EventCountry "NET"]
[SourceTitle "playchess.com"]
[Source "ChessBase"]
[SourceQuality "1"]
[TimeControl "600+2"]

1. Nf3 d5 2. g3 Bf5 3. c4 e6 4. cxd5 exd5 5. Qb3 Nc6 6. Bg2 {[%emt 0:00:29] A07: Réti Opening: New York and Capablanca Systems.} Rb8 7. O-O Nf6 {[%emt 0:00:01] [#]} 8. d4 $146 {[%emt 0:00:39] The position is equal.} ({Predecessor:} 8. d3 Be7 9. Bf4 O-O 10. Nc3 a6 11. d4 h6 12. Rac1 Be6 13. Rfd1 Nh5 14. Bd2 {½-½ Sokolov,A (2480)-Keitlinghaus,L (2515) Copenhagen Aruna 1997 (5)}) 8... Be7 9. Nc3 h6 10. Bf4 O-O 11. Rac1 a6 12. a3 Re8 13. Rfd1 Bd6 14. Bxd6 Qxd6 15. e3 (15. Nh4 {seems wilder.} Be4 16. Nxe4 dxe4 17. Nf5) 15... Bg4 16. Re1 Bxf3 17. Bxf3 Ne7 18. e4 dxe4 19. Nxe4 Nxe4 20. Rxe4 Nf5 21. Rf4 Nxd4 22. Qxf7+ Kh8 {[%emt 0:00:02] [#] ...Rf8 is the strong threat.} 23. Rxc7 (23. Qxc7 Qxc7 24. Rxc7 Ne6 $17) 23... Re1+ 24. Kg2 Ne6 25. Rfc4 $132 {[%emt 0:01:26][%mdl 2048] Threatens to win with Rc8+. White is not holding back. Really sharp! Active counter play!} ({Much worse is} 25. Rxb7 Rf8 26. Rd7 Qb8 $17) (25. Rd7 Nxf4+ 26. gxf4 Qf8 $15) 25... Nxc7 (25... Qd3 $5 26. Rc8+ $8 (26. Rxb7 $2 Qf1#) 26... Rxc8 27. Rxc8+ Kh7 $11) 26. Rxc7 {[%emt 0:00:00][%csl Gc7][%cal Rf7g7] [#]} Qf6 27. Qxf6 ({But not} 27. Rxb7 Qxf7 28. Rxf7 Rxb2 $17) 27... gxf6 28. Bxb7 $11 {[%emt 0:00:02][%mdl 4096] Endgame KRR-KRB} a5 29. b3 Re5 30. Rd7 Rbe8 31. Bd5 R8e7 32. Rd8+ Re8 33. Rd7 R8e7 34. Rd8+ Re8 35. Rd7 {[%emt 0:00:00] Weighted Error Value: White=0.08 (flawless) /Black=0.05 (flawless)} 1/2-1/2

[Event "CCT Airthings Masters Play-In 2023"]
[Site "Online"]
[Date "2023.02.03"]
[Round "4"]
[White "kuli4ik"]
[Black "rpragchess"]
[Result "1/2-1/2"]
[ECO "D02"]
[WhiteElo "2647"]
[BlackElo "2564"]
[Annotator "TA"]
[PlyCount "55"]
[EventDate "2023.02.03"]
[EventType "swiss"]
[EventCountry "NET"]
[SourceTitle "playchess.com"]
[Source "ChessBase"]
[SourceQuality "1"]
[TimeControl "600+2"]

1. Nf3 Nf6 2. g3 d5 3. Bg2 c5 4. O-O e6 5. d4 cxd4 6. Nxd4 e5 7. Nb3 Be6 8. c4 {[%emt 0:00:07] Nc3 would be deadly. D02: 1 d4 d5 2 Nf3 sidelines, including 2...Nf6 3 g3 and 2...Nf6 3 Bf4.} Nc6 (8... dxc4 $2 9. Qxd8+ Kxd8 10. Bxb7 $18 (10. Na5 Nc6 $16)) 9. cxd5 Nxd5 10. Bd2 {[%emt 0:00:54][%cal Bc1d2,Bd2e3,Be3c5][%mdl 32] The position is equal.} Be7 11. Nc3 O-O 12. Nxd5 Bxd5 13. Be3 Bxg2 14. Kxg2 (14. Qxd8 {simplifies} Raxd8 15. Kxg2 Rd5 16. Rac1) 14... Qc8 15. Rc1 Qe6 16. Qc2 Rfd8 17. Qc4 {[%emt 0:00:06] [#]} Rd5 $146 ({Predecessor:} 17... Qxc4 18. Rxc4 Rd7 19. Rfc1 Rad8 20. Ra4 f5 21. a3 Kf7 22. Na5 Nb8 23. Rac4 b6 24. Nc6 Nxc6 25. Rxc6 Rd6 26. h4 {½-½ Fuest,M (2230)-Rapatinski,K (2185) Muensterland Verbandsklasse-A 0506 2005 (6.1)}) 18. Bc5 Rad8 19. e4 R5d7 20. Qxe6 fxe6 21. Bxe7 Rxe7 22. Rfd1 Rf8 (22... Rxd1 $14 23. Rxd1 Kf7) 23. Nc5 (23. Rd6 $16) 23... Nd4 $14 24. Nd3 $36 {[%emt 0:00:08][%mdl 2048] White has the initiative.} Nf3 25. Ne1 Nd4 (25... Nxe1+ $11 26. Rxe1 Rd8) 26. Nd3 Nf3 27. Ne1 Nd4 28. Nd3 {[%emt 0:00:15] Weighted Error Value: White=0.13 (very precise) /Black=0.10 (very precise)} (28. b4 $16) 1/2-1/2

[Event "CCT Airthings Masters Play-In 2023"]
[Site "Online"]
[Date "2023.02.03"]
[Round "4"]
[White "wonderfultime"]
[Black "Alexandr_Predke"]
[Result "0-1"]
[ECO "A46"]
[WhiteElo "2643"]
[BlackElo "2555"]
[Annotator "TA"]
[PlyCount "166"]
[EventDate "2023.02.03"]
[EventType "swiss"]
[EventCountry "NET"]
[SourceTitle "playchess.com"]
[Source "ChessBase"]
[SourceQuality "1"]
[TimeControl "600+2"]

1. d4 Nf6 2. Nf3 e6 3. Bf4 c5 4. c3 Nc6 5. e3 h6 6. Bd3 {[%emt 0:00:39] A46: 1 d4 Nf6 2 Nf3 e6: Torre, London and Colle Systems.} Nh5 7. Bg3 Nxg3 8. hxg3 {[%emt 0:00:00] The position is equal.} d5 9. Nbd2 Qb6 10. Rb1 cxd4 11. exd4 Bd6 12. Qe2 {[%emt 0:00:08] [#]} Qd8 $146 ({Predecessor:} 12... Bd7 13. a3 Rc8 14. g4 Kd8 15. g5 Kc7 16. g6 fxg6 17. Bxg6 Rhf8 18. O-O Rf6 {0-1 Gabriel,C (1588)-Vieira,A (1801) Sao Paulo Karman Cup 2018 (2)}) 13. Rd1 Bd7 14. Ne5 Bxe5 15. dxe5 Qc7 (15... Qb6 $5 ) 16. Nf3 O-O-O 17. O-O f6 18. Rfe1 fxe5 19. Nxe5 Nxe5 20. Qxe5 Qxe5 21. Rxe5 g5 22. c4 Rhf8 23. cxd5 exd5 24. Rxd5 Be6 25. Rxd8+ Rxd8 $16 {[%emt 0:00:00][%mdl 4096] Endgame KRB-KRB} 26. a3 Kc7 27. f3 Bb3 28. Rc1+ Kb6 29. Rc3 Bd5 30. g4 Bc6 31. Kf2 Re8 32. Rc1 a5 33. g3 Rf8 34. Be2 Rd8 35. Rd1 {[%emt 0:01:20] Prevents Rd2} ({Better is} 35. b4) 35... Rxd1 36. Bxd1 {[%emt 0:00:00] KB-KB} Kc5 37. Ke3 b6 38. f4 Kd6 39. Bf3 Bd7 40. Kd4 Bc8 41. b4 axb4 42. axb4 Bd7 43. f5 Bb5 44. Bd1 Bc6 45. Be2 Ba4 46. Bf3 Bb5 $1 47. Bd1 Bc6 $1 48. Be2 {[%emt 0:00:08] Dodges Bb5} Ba4 $1 49. Ke3 Ke5 50. Bf3 Bb5 51. Be2 (51. Bg2 $16) 51... Bc6 (51... Ba4 $11) 52. Kd2 Bd5 53. Ke3 Bc6 $1 54. Bc4 Bb7 55. Bf7 Bc6 56. Kd3 (56. Bb3 $16) 56... Bb5+ (56... Bf3 $11 {remains equal.}) 57. Kc3 (57. Kd2 $1 $16) 57... Be2 $11 58. Bh5 Bb5 59. Kd2 Bc6 60. Kd3 Bb5+ 61. Ke3 Bc4 {[%emt 0:00:02] Prevents Bf7.} (61... Kf6 $11) 62. Be8 $16 Bb3 63. Bb5 (63. Kd2 $16) 63... Bd1 $11 64. Be2 Bb3 (64... Ba4 $1 $11) 65. Kd3 Bd5 66. Kc3 Bf7 67. Bc4 ({White should try} 67. Bd1 $16) 67... Be8 $1 68. Be6 Bb5 {[%emt 0:00:02] And now ...Be2 would win.} 69. Bc4 {[%emt 0:00:01] Repels Be2} Bc6 {[%emt 0:00:00] [#]} (69... Be8 $1 $11 {keeps the balance.}) 70. Be2 $1 $16 Bd5 71. Bd1 Bf7 72. Bb3 ({White should play} 72. Bf3 $16) 72... Be8 $1 $11 73. Kc4 Bf7+ 74. Kc3 Be8 $1 75. Bc4 Bc6 {[%emt 0:00:01] White must now prevent ...Bf3.} 76. Be6 $2 (76. Bf1 $11) 76... Bf3 $19 77. Kc4 $2 (77. Bd7 Bxg4 78. f6) 77... Be2+ 78. Kc3 Bxg4 79. Kc4 $2 (79. Bc4 $19) 79... Bxf5 80. Bf7 Bd7 $2 (80... Be6+ 81. Bxe6 Kxe6) 81. Bh5 $2 {[%emt 0:00:01] [#]} (81. Kd3 $19) 81... Ke4 $1 82. Bd1 g4 83. Kc3 Ke3 {[%emt 0:00:03] Weighted Error Value: White=0.18 (very precise) /Black=0.08 (flawless)} 0-1

[Event "CCT Airthings Masters Play-In 2023"]
[Site "Online"]
[Date "2023.02.03"]
[Round "4"]
[White "NikoTheodorou"]
[Black "crescentmoon"]
[Result "1-0"]
[ECO "E09"]
[WhiteElo "2642"]
[BlackElo "2746"]
[Annotator "TA"]
[PlyCount "61"]
[EventDate "2023.02.03"]
[EventType "swiss"]
[EventCountry "NET"]
[SourceTitle "playchess.com"]
[Source "ChessBase"]
[SourceQuality "1"]
[TimeControl "600+2"]

1. d4 Nf6 2. c4 e6 3. Nf3 d5 4. g3 Bb4+ 5. Bd2 Be7 6. Bg2 O-O 7. O-O c6 8. Qc2 Nbd7 9. Bf4 Nh5 10. Bc1 Nhf6 11. Nbd2 b6 12. e4 Bb7 13. e5 Ne8 14. cxd5 cxd5 15. Re1 {[%emt 0:00:09] E09: Closed Catalan: Main Line: 7 Qc2 c6 8 Nbd2.} Qc8 16. Qd1 {[%emt 0:00:08] [#]} a5 $146 ({Predecessor:} 16... Ba6 17. Nb1 Nc7 18. h4 Nb8 19. Bg5 Qd7 20. Nc3 Nc6 21. Rc1 Rfc8 22. Nh2 Bf8 23. Ng4 Ne8 24. h5 h6 25. Bf4 Nb4 26. Bf1 Bxf1 27. Rxf1 Nc6 28. Rc2 Na5 29. Ne3 {½-½ Halkias,S (2530)-Polak,T (2527) BL2-Sued 1920 2019 (7.4)}) 17. h4 {[%emt 0:00:03] White is slightly better.} Ba6 18. Nf1 b5 19. Bg5 Bxg5 20. hxg5 b4 21. Ne3 Qb7 {[%emt 0:00:13] [#]} 22. Ng4 ({Better is} 22. g6 $1 $16 h6 23. gxf7+ Rxf7 24. Nxd5 exd5 25. e6 {[%mdl 64] Deflection, Double Attack}) 22... Rc8 ({Black should try} 22... Nc7 $14) 23. Qd2 Kh8 {[%emt 0:00:16] [#]} (23... Nb6 $16) 24. Bf1 $1 $18 {[%emt 0:00:21] Threatens to win with Bxa6.} Bxf1 25. Rxf1 {[%emt 0:00:16] Hoping for Kg2.} Nc7 $2 (25... b3 26. Kg2 (26. Qxa5 Ra8 $14 {[%mdl 64] Deflection}) 26... bxa2) 26. Kg2 {[%emt 0:00:08] aiming for Rh1.} Rg8 27. Rh1 (27. g6 $142 fxg6 28. Rh1 Rge8 29. Ng5 h5 30. Nf7+ Kg8 31. Nd6 Qa6 32. Qg5 (32. Qf4 Rf8 $16)) 27... Nf8 {[%emt 0:00:03] [#]} 28. g6 $1 fxg6 (28... Ne8 29. Ng5) 29. Ng5 h5 30. Nf7+ Kh7 {[%emt 0:00:01] [#]} 31. Nf6+ $1 {[%emt 0:00:00][%mdl 576] Deflection.   Weighted Error Value: White=0.06 (flawless) /Black=1.13} 1-0